[Event "*** Titled Tuesday 3|2 Blitz"]
[Site "Chess.com"]
[Date "2015.10.06"]
[Round "5"]
[White "facu57"]
[Black "armago"]
[Result "1/2-1/2"]
[WhiteElo "2481"]
[BlackElo "2059"]
[TimeControl "180+2"]
[EndTime "12:00:33 PDT"]
[Termination "Game drawn by stalemate"]

1. e4 c5 2. Nf3 d6 3. d4 cxd4 4. c3 dxc3 5. Nxc3 e6 6. Bc4 Nc6 7. O-O Be7 8. Qe2 a6 9. Rd1 Bd7 10.
Bf4 e5 11. Be3 Nf6 12. Bg5 Bg4 13. Qe3 O-O 14. h3 Bxf3 15. Qxf3 Nd4 16. Qd3 b5 17. Bxf6 bxc4 18. Bxe7 cxd3 19. Bxd8 Raxd8 20. Rxd3 f5 21. Re1 fxe4 22. Rxe4 Rb8 23. b3 Rfc8 24. f4 Rc5 25.
fxe5 dxe5 26. Ne2 Rd8 27. Nxd4 exd4 28. Rexd4 Rc1+ 29. Kh2 Rxd4 30. Rxd4 Rc6 31. Ra4 Kf7 32. h4 Ke7 33. Kg3 Kd7 34. Kf4 Rf6+ 35. Ke3 Kc7 36. g4 Kb6 37. Rf4 Rc6 38. Rf7 Rg6 39. g5 h6 40. Kf4 Kb5 41. Kf5 Rc6 42. Rxg7 hxg5 43. hxg5 Rc2 44. a4+ Kb4 45. Rb7+ Ka5 46. g6 Rf2+ 47. Ke5 Rf5+ 48. Kd4 Rd5+ 49. Kc3 Rd3+ 50. Kc2 Rd2+ 51. Kb1 Rb2+ 52. Kc1 Rc2+ 53. Kd1 Rd2+ 54. Ke1 Re2+ 55. Kd1 Rd2+ 56. Kc1 Rc2+ 57. Kxc2 1/2-1/2

[Event "*** Titled Tuesday 3|2 Blitz"]
[Site "Chess.com"]
[Date "2015.10.06"]
[Round "5"]
[White "jefferyx"]
[Black "jup1978"]
[Result "1/2-1/2"]
[WhiteElo "2513"]
[BlackElo "2308"]
[TimeControl "180+2"]
[EndTime "12:00:40 PDT"]
[Termination "Game drawn by repetition"]

1. e4 e5 2. Nf3 Nc6 3. Bb5 Bc5 4. c3 Nf6 5. O-O O-O 6. d4 exd4 7. e5 Nd5 8. cxd4 Be7 9. Nc3 Nxc3 10. bxc3 d5 11. Bd3 Bg4 12. Qc2 Bxf3 13. gxf3 g6 14. Kh1 f5 15. Rg1 Kh8 16. Bh6 Rf7 17. Rae1 Bh4 18. e6 Rf6 19. Qe2 Qe7 20. f4 Re8 21.
Qf3 Rxe6 22. Rb1 Na5 23. Qxd5 b6 24. Bxf5 gxf5 25. Bg7+ Qxg7 26. Rxg7 Kxg7 27. Qxf5 Re1+ 28. Rxe1 Rxe1+ 29. Kg2 Bf6 30. Qg4+ Kf7 31. Qh5+ Kg7 32. Qg4+ Kf7 33. Qh5+ Kg7 34. Qg4+ 1/2-1/2

[Event "*** Titled Tuesday 3|2 Blitz"]
[Site "Chess.com"]
[Date "2015.10.06"]
[Round "5"]
[White "ilmago"]
[Black "bugsbunny444"]
[Result "0-1"]
[WhiteElo "1847"]
[BlackElo "2291"]
[TimeControl "180+2"]
[EndTime "12:00:59 PDT"]
[Termination "bugsbunny444 won by resignation"]

1. e4 e6 2. Nf3 d5 3. e5 c5 4. b4 d4 5. bxc5 Bxc5 6. Bb5+ Bd7 7. Qe2 Ne7 8. O-O O-O 9. c3 Nbc6 10. Bxc6 Nxc6 11. cxd4 Nxd4 12. Nxd4 Bxd4 13. Nc3 Bc6 14. Ba3 Qg5 15. g3 Rfd8 16. Bd6 Qf5 17. Rab1 f6 18. Rb4 fxe5 19. Be7 Rd7 20. Bh4 Rf8 21. Nd1 Bf3 22. Qb5 Qh3 0-1

[Event "*** Titled Tuesday 3|2 Blitz"]
[Site "Chess.com"]
[Date "2015.10.06"]
[Round "5"]
[White "alexsuper1987"]
[Black "Badouuu"]
[Result "0-1"]
[WhiteElo "2190"]
[BlackElo "1959"]
[TimeControl "180+2"]
[EndTime "12:01:00 PDT"]
[Termination "Badouuu won by resignation"]

1. e4 c5 2. Nf3 Nc6 3. d4 cxd4 4. Nxd4 e5 5. Nb5 d6 6. c4 Be7 7. N1c3 a6 8. Na3 f5 9. Be2 f4 10. O-O Nf6 11. Nc2 O-O 12. b3 g5 13. f3 Be6 14.
Ba3 Qd7 15. Nd5 Bxd5 16. cxd5 Nd8 17. Rc1 Nf7 18. b4 Bd8 19. Kh1 Bb6 20. Ne1 h5 21.
h3 Kg7 22. Nd3 Rh8 23. Bb2 g4 24. fxg4 hxg4 25. Nxf4 exf4 26. Rxf4 Ne5 27. Qf1 gxh3 28. g3 Rh6 29. Rf5 Nxe4 30. Kh2 Rg6 31. Bd3 Nxg3 32.
Rxe5 Nxf1+ 33. Rxf1 Rg2+ 34. Kh1 dxe5 35. Bxe5+ Kg8 36.
Bf5 Qxd5 0-1

[Event "*** Titled Tuesday 3|2 Blitz"]
[Site "Chess.com"]
[Date "2015.10.06"]
[Round "5"]
[White "lorcho"]
[Black "MinhGTrAn"]
[Result "1-0"]
[WhiteElo "2569"]
[BlackElo "2563"]
[TimeControl "180+2"]
[EndTime "12:01:07 PDT"]
[Termination "lorcho won on time"]

1. e4 c5 2. Nc3 d6 3. g3 Nc6 4. Bg2 Nf6 5. d3 h5 6. h3 Bd7 7. f4 Qc7 8. Nf3 O-O-O 9. Be3 g6 10. a3 Bg7 11. Qd2 a6 12. O-O h4 13. Nxh4 Nd4 14. Ne2 Nxe2+ 15. Qxe2 Nh5 16. Qf2 Bxb2 17. Rab1 Bd4 18. Bxd4 cxd4 19. Nf3 e5 20. fxe5 dxe5 21. Ng5 Rdf8 22. Nxf7 Be6 23. Nxh8 Rxf2 24. Rxf2 Qg7 25.
Rbf1 Nxg3 26. Rf8+ Kd7 27. R1f7+ Bxf7 28. Rxf7+ Qxf7 29. Nxf7 Ke6 30. Kf2 Nh5 31. Nd8+ Kd6 32. Nxb7+ Kc6 33.
Na5+ 1-0

[Event "*** Titled Tuesday 3|2 Blitz"]
[Site "Chess.com"]
[Date "2015.10.06"]
[Round "5"]
[White "Keranke"]
[Black "kpio91"]
[Result "0-1"]
[WhiteElo "2577"]
[BlackElo "2514"]
[TimeControl "180+2"]
[EndTime "12:01:25 PDT"]
[Termination "kpio91 won by resignation"]

1. d4 g6 2. c4 Bg7 3. g3 f5 4.
Bg2 Nf6 5. Nf3 O-O 6. O-O d6 7. Nc3 Qe8 8. b4 e5 9. dxe5 dxe5 10.
Bb2 e4 11. Nd4 Nc6 12. Ndb5 Qf7 13. Nd5 Nxd5 14. Bxg7 Ne3 15. fxe3 Qxg7 16. a3 Be6 17. Rc1 Rad8 18. Qb3 a6 19. Nc3 Ne5 20. Nd5 b5 21. Qc3 Nxc4 22. Qxg7+ Kxg7 23. Nxc7 Bc8 24. Rfd1 Nxe3 25.
Rxd8 Rxd8 26. Kf2 Ng4+ 27. Ke1 Ne3 28. Kf2 Nxg2 29. Kxg2 Kf7 30. Rc6 e3 31. Rb6 Rd7 32. Nxa6 Bb7+ 33. Kh3 Bf3 34. Nc5 Bg4+ 35. Kg2 Rd2 36.
Nd3 Bxe2 37. Ne5+ Ke7 38. Nc6+ Ke8 39. Kh3 h6 0-1

[Event "*** Titled Tuesday 3|2 Blitz"]
[Site "Chess.com"]
[Date "2015.10.06"]
[Round "5"]
[White "chessloveyou"]
[Black "Jahonas"]
[Result "1-0"]
[WhiteElo "2177"]
[BlackElo "2055"]
[TimeControl "180+2"]
[EndTime "12:01:48 PDT"]
[Termination "chessloveyou won by resignation"]

1. d4 c6 2. c4 Nf6 3. Nc3 d5 4. Nf3 g6 5. cxd5 cxd5 6. Bg5 Bg7 7. h4 h6 8. Bd2 Nc6 9. e3 Bf5 10. Bb5 Qb6 11. O-O O-O 12. Qb3 e6 13. Na4 Qc7 14. Rac1 Ne4 15. Bb4 Rfc8 16. Nc5 Nxc5 17. Rxc5 Qd8 18. Bxc6 Rxc6 19. Rxc6 bxc6 20. Rc1 Rb8 21. Qc3 Qb6 22. Ba3 Bf8 23. Bxf8 Kxf8 24. b3 Kg7 25.
Qxc6 Qxc6 26. Rxc6 a5 27. Ra6 Rb5 28. Ne5 Bb1 29. a4 Rxb3 30. Rxa5 Bc2 31. Ra7 Rb1+ 32. Kh2 Ra1 33. Rxf7+ Kg8 34. Ra7 Rxa4 35. Rxa4 Bxa4 36. Nxg6 Kf7 37. Ne5+ Kf6 38. g4 Bd1 39. Kg3 Bc2 40. f4 Bb1 41. Kf2 Bc2 42. Ke1 Be4 43. Kd2 Ke7 44. Kc3 Kf6 45. Kb4 Bc2 46. Kc5 Bd1 47. g5+ hxg5 48. hxg5+ Ke7 49. g6 Kf6 50. Kd6 Bc2 51. g7 Kxg7 52. Kxe6 Be4 53. Nd7 Kg6 54. Nf6 1-0

[Event "*** Titled Tuesday 3|2 Blitz"]
[Site "Chess.com"]
[Date "2015.10.06"]
[Round "5"]
[White "1stSecond"]
[Black "HustleStandard"]
[Result "1-0"]
[WhiteElo "2396"]
[BlackElo "2339"]
[TimeControl "180+2"]
[EndTime "12:01:50 PDT"]
[Termination "1stSecond won by resignation"]

1. d4 Nf6 2. c4 g6 3. Nc3 Bg7 4.
e4 O-O 5. h3 d6 6. Nf3 e5 7. d5 a5 8. Be3 Na6 9. g4 Nc5 10. Nd2 c6 11. Be2 b5 12. cxb5 cxd5 13.
exd5 Bb7 14. Nc4 a4 15. f3 e4 16. f4 a3 17. b4 Nxg4 18. hxg4 Bxc3+ 19. Kf1 Nd3 20. Rc1 Nxc1 21. Qxc1 Bg7 22. Qd2 Rc8 23. Na5 Bc3 24. Qd1 Bxb4 25. Nxb7 Qe7 26. Qa4 Bc3 27. Na5 Ra8 28. Nc6 Qf6 29. Qc4 Rfe8 30. g5 Qg7 31. b6 Bb2 32. b7 Rab8 33. Nxb8 Rxb8 34. Qc8+ Qf8 35. Qxf8+ Kxf8 36. Ba6 1-0

[Event "*** Titled Tuesday 3|2 Blitz"]
[Site "Chess.com"]
[Date "2015.10.06"]
[Round "5"]
[White "pedromartinez91"]
[Black "Po6Don"]
[Result "1-0"]
[WhiteElo "2217"]
[BlackElo "1965"]
[TimeControl "180+2"]
[EndTime "12:01:57 PDT"]
[Termination "pedromartinez91 won on time"]

1. e4 e5 2. Nf3 Nc6 3. Bb5 f5 4. d3 fxe4 5. dxe4 Nf6 6. Qd3 Bc5 7.
Nc3 Nd4 8. Bc4 d6 9. Ng5 Rf8 10. Be3 Qe7 11. Nf3 Nxf3+ 12. gxf3 Bxe3 13. fxe3 Be6 14. Bxe6 Qxe6 15. Qb5+ Nd7 16. Qxb7 Rb8 17. Qxa7 Rxb2 18. Nd5 Kf7 19. Nxc7 Qc4 20. Nd5 Qxc2 21. Qxd7+ Kg8 22. Ne7+ Kh8 23. Ng6+ hxg6 24. Qh3+ Kg8 25. O-O Qc8 26. Qxc8 Rxc8 27. Rf2 Rb4 28. a4 Ra8 29. a5 Ra6 30. Rfa2 Kf7 31. Kf2 Ke6 32. Ke2 d5 33.
exd5+ Kxd5 34. Kd3 Rb3+ 35. Kd2 Kc4 36. Ra4+ Rb4 37. Rxb4+ Kxb4 38. Kd3 1-0

[Event "*** Titled Tuesday 3|2 Blitz"]
[Site "Chess.com"]
[Date "2015.10.06"]
[Round "5"]
[White "Mornar1951"]
[Black "E-Shaposhnikov"]
[Result "1-0"]
[WhiteElo "2627"]
[BlackElo "2537"]
[TimeControl "180+2"]
[EndTime "12:02:01 PDT"]
[Termination "Mornar1951 won by resignation"]

1. Nf3 c5 2. c4 Nc6 3. d4 cxd4 4. Nxd4 Nf6 5. Nc3 e6 6. Bf4 Bb4 7. Nb5 O-O 8. Bd6 Bxd6 9. Nxd6 Qb6 10. Qd2 Ne8 11.
Nxe8 Rxe8 12. e3 Rd8 13. Rd1 d5 14. cxd5 exd5 15. Nxd5 Qc5 16. Be2 Be6 17. e4 Bxd5 18. exd5 Nb4 19. a3 Nxd5 20. O-O Qb6 21. Bf3 Nf6 22.
Qc3 Rxd1 23. Rxd1 Rd8 24. Rd2 Rxd2 25. Qxd2 g6 26. g3 Kg7 27. Qc3 h5 28. h4 Kg8 29.
b4 Ne8 30. Qc8 Kf8 31. Bxb7 Ke7 32. Bc6 Nd6 33. Qd7+ 1-0

[Event "*** Titled Tuesday 3|2 Blitz"]
[Site "Chess.com"]
[Date "2015.10.06"]
[Round "5"]
[White "alturas_pacificas"]
[Black "Bab3s"]
[Result "1/2-1/2"]
[WhiteElo "2102"]
[BlackElo "2111"]
[TimeControl "180+2"]
[EndTime "12:02:09 PDT"]
[Termination "Game drawn by repetition"]

1. d4 Nf6 2. Bf4 e6 3. e3 c5 4. c3 b6 5. Nd2 Bb7 6. Ngf3 Be7 7. Bd3 O-O 8. O-O Nh5 9. Bg3 Nxg3 10. hxg3 d6 11. Qe2 Nd7 12. e4 cxd4 13. cxd4 Rc8 14. Rac1 Rxc1 15. Rxc1 Qb8 16. Bb5 Nf6 17. e5 dxe5 18.
dxe5 Nd5 19. a3 Rc8 20. Rxc8+ Qxc8 21. Bc4 a6 22. Ne4 b5 23. Bxd5 Bxd5 24. Nd6 Qc6 25. Nd4 Qc1+ 26. Kh2 Qh6+ 27. Kg1 Qc1+ 28. Kh2 Qc5 29. Qd2 Bxd6 30. exd6 Qxd6 31. Qe3 g6 32. b4 Kg7 33. Nf3 Bxf3 34. gxf3 e5 35. Kg2 Qd4 36.
Qc1 e4 37. fxe4 Qxe4+ 38. Kg1 Qd3 39. Qa1+ Kg8 40. Qf6 Qxa3 41. Qd8+ Kg7 42. Qd4+ Kg8 43.
Qd8+ Kg7 44. Qd4+ Kg8 45. Qd8+ Kg7 46. Qd4+ 1/2-1/2

[Event "*** Titled Tuesday 3|2 Blitz"]
[Site "Chess.com"]
[Date "2015.10.06"]
[Round "5"]
[White "ruifeng"]
[Black "BIG_Pirate"]
[Result "0-1"]
[WhiteElo "2117"]
[BlackElo "2266"]
[TimeControl "180+2"]
[EndTime "12:02:15 PDT"]
[Termination "BIG_Pirate won by resignation"]

1. e4 c5 2. Nc3 a6 3. g3 b5 4. Bg2 Bb7 5. d3 e6 6. f4 b4 7.
Nce2 d5 8. e5 h5 9. Nf3 Nh6 10.
O-O Nc6 11. c4 dxc4 12. dxc4 Nf5 13. Qxd8+ Rxd8 14. Kf2 a5 15. b3 a4 16. bxa4 Na5 17. h3 Nxc4 18. g4 hxg4 19. hxg4 Nh6 20. Kg3 Bc6 21.
a5 Nxa5 22. Be3 Bb5 23. Rfe1 Nc4 24. Bg1 Be7 25. Rac1 Ra8 26. Rc2 Ra3 27. Rec1 Ne3 28.
Bxe3 Rxe3 29. Rxc5 Bxe2 30. Rc8+ Bd8 31. R1c6 O-O 32.
g5 Nf5+ 33. Kf2 Bxf3 34. Bxf3 Ra3 35. Be4 Rxa2+ 36. Ke1 b3 37. Rc1 b2 38. Rb1 Ba5+ 39. Kf1 0-1

[Event "*** Titled Tuesday 3|2 Blitz"]
[Site "Chess.com"]
[Date "2015.10.06"]
[Round "5"]
[White "JustKid"]
[Black "Trendle"]
[Result "1-0"]
[WhiteElo "2139"]
[BlackElo "2326"]
[TimeControl "180+2"]
[EndTime "12:02:26 PDT"]
[Termination "JustKid won by resignation"]

1. d4 f5 2. Nc3 Nf6 3. Bg5 d5 4. Bxf6 exf6 5. e3 Be6 6. Qf3 Nc6 7. Bd3 Qd7 8. a3 O-O-O 9. Nge2 Ne7 10. Bb5 c6 11.
Bd3 Kb8 12. Na4 Nc8 13. Nf4 Bf7 14. Ne2 g6 15. h4 h5 16. b4 Nd6 17. Nc5 Qc7 18. Nf4 Re8 19. O-O Ne4 20. Rfc1 Bd6 21. Ne2 Qc8 22. b5 Nxc5 23. dxc5 Bxc5 24. bxc6 bxc6 25.
Rab1+ Ka8 26. c4 Bxa3 27. Rc3 Bd6 28. Nd4 Be5 29. c5 Qc7 30. Ra3 Rb8 31. Rba1 Rb7 32. Ba6 Rb4 33. Qe2 Rhb8 34. Bb5 Rb7 35. Bxc6 Kb8 36.
Bxb7 Qxb7 37. g3 Rb1+ 38. Kg2 Rb2 39. Qd3 Be8 40. c6 Qb6 41. Rxa7 Qxa7 42. Rxa7 Kxa7 43. Qa3+ Kb6 44. Qxb2+ Kc5 45. Qc3+ Kd6 46. Qb4+ Kc7 47. Qe7+ 1-0

[Event "*** Titled Tuesday 3|2 Blitz"]
[Site "Chess.com"]
[Date "2015.10.06"]
[Round "5"]
[White "IMRosen"]
[Black "PowerThinking2650"]
[Result "1-0"]
[WhiteElo "2227"]
[BlackElo "2088"]
[TimeControl "180+2"]
[EndTime "12:02:31 PDT"]
[Termination "IMRosen won by resignation"]

1. c4 Nf6 2. Nc3 g6 3. e4 d6 4. d4 Bg7 5. h3 O-O 6. Bg5 c5 7. d5 a6 8. a4 Qa5 9. Bd3 e6 10. Ne2 exd5 11. exd5 Nbd7 12. Bf4 Ne5 13. O-O Nxd3 14.
Qxd3 Bf5 15. Qd2 Rad8 16. Ng3 Bc8 17. Rfe1 Qb4 18. Qd3 h5 19. a5 h4 20. Nge4 Nxe4 21. Nxe4 Bf5 22. Qa3 Qxa3 23. Rxa3 Rfe8 24. Rae3 Bxe4 25.
Rxe4 Rxe4 26. Rxe4 Bf6 27. b3 Kf8 28. Bh6+ Kg8 29.
Kf1 b6 30. Bd2 bxa5 31. Bxa5 Rb8 32. Bc7 Rxb3 33. Bxd6 a5 34. Bxc5 a4 35. Re3 Rb1+ 36. Ke2 Rc1 37. Re4 Bb2 38. d6 Rc2+ 39. Kd3 Rc3+ 40.
Kd2 Rb3 41. d7 Bf6 42. Re8+ Kg7 43. Bd4 1-0

[Event "*** Titled Tuesday 3|2 Blitz"]
[Site "Chess.com"]
[Date "2015.10.06"]
[Round "5"]
[White "Goala"]
[Black "Nutflush"]
[Result "1-0"]
[WhiteElo "2156"]
[BlackElo "1937"]
[TimeControl "180+2"]
[EndTime "12:02:32 PDT"]
[Termination "Goala won by checkmate"]

1. d4 Nf6 2. c4 c5 3. d5 e5 4.
Nc3 d6 5. g3 Nbd7 6. Bg2 g6 7.
e4 Bg7 8. Nge2 O-O 9. O-O a6 10.
f4 Nh5 11. f5 b5 12. cxb5 axb5 13. Nxb5 Ndf6 14. Nec3 Ba6 15. Bg5 Qb6 16. a4 Bxb5 17.
Nxb5 h6 18. Be3 Nd7 19. Qd2 Kh7 20. fxg6+ fxg6 21. Bh3 Nhf6 22. b3 Nxe4 23. Qd3 Ndf6 24. Bg2 Ng5 25. h4 Nf7 26. Bf3 h5 27. Bg5 Nh6 28. Bxf6 Bxf6 29. Kg2 Nf5 30. Bxh5 Qd8 31. Bxg6+ Kxg6 32. Rxf5 Kg7 33. Raf1 Qd7 34. Qf3 Be7 35.
Qg4+ Kh6 36. Rh5# 1-0

[Event "*** Titled Tuesday 3|2 Blitz"]
[Site "Chess.com"]
[Date "2015.10.06"]
[Round "5"]
[White "Mugzyyy"]
[Black "kleinebeer98"]
[Result "1-0"]
[WhiteElo "2515"]
[BlackElo "2295"]
[TimeControl "180+2"]
[EndTime "12:02:38 PDT"]
[Termination "Mugzyyy won by checkmate"]

1. d4 d5 2. c4 c6 3. Nf3 Nf6 4. Nc3 e6 5. Bg5 h6 6. Bxf6 Qxf6 7. Qb3 Nd7 8. e4 dxe4 9. Nxe4 Qf4 10. Bd3 Be7 11.
O-O O-O 12. Rfe1 Nf6 13. Nc3 Rd8 14. Rad1 Bf8 15. a3 c5 16. dxc5 Bd7 17. Qxb7 Bxc5 18. b4 Bf8 19. Ne4 a5 20. Nxf6+ Qxf6 21. c5 axb4 22.
axb4 Ba4 23. Ra1 Bc6 24. Qxc6 Rxa1 25. Qe4 Rxe1+ 26. Nxe1 g6 27. c6 Rd4 28. Qe3 Bd6 29. b5 Bc7 30. g3 Bb6 31. Qe2 Rb4 32. Kg2 Rb2 33. Nc2 e5 34. h4 h5 35. Qf3 Qd6 36. Be4 f5 37. Qc3 Bd4 38. Qc4+ Kg7 39. c7 fxe4 40.
c8=Q Qf6 41. Q4g8+ Kh6 42. Qh8+ Qxh8 43. Qxh8# 1-0

[Event "*** Titled Tuesday 3|2 Blitz"]
[Site "Chess.com"]
[Date "2015.10.06"]
[Round "5"]
[White "dretch"]
[Black "AleksandrNevski"]
[Result "0-1"]
[WhiteElo "2513"]
[BlackElo "2436"]
[TimeControl "180+2"]
[EndTime "12:02:45 PDT"]
[Termination "AleksandrNevski won by checkmate"]

1. d4 Nf6 2. c4 g6 3. Nc3 Bg7 4.
e4 O-O 5. Nf3 d6 6. h3 c5 7. d5 e6 8. Bd3 Na6 9. O-O e5 10. a3 Qe7 11. Rb1 Kh8 12. b4 Ng8 13.
Na4 Bd7 14. Bg5 f6 15. Be3 Bh6 16. bxc5 Bxe3 17. c6 bxc6 18. fxe3 cxd5 19. Nc3 dxe4 20. Bxe4 Rab8 21. Nb5 Nc5 22. Nxd6 Rxb1 23. Bxb1 Bc6 24.
Nb5 Rd8 25. Qe2 Nh6 26. Nc3 Nf7 27. Nd2 Kg7 28. e4 Ne6 29. Nd5 Qc5+ 30. Kh2 Bxd5 31. exd5 Nf4 32. Qf3 Ng5 33. Qb3 Qd4 34. Qb7+ Kh6 35.
Nf3 Nxf3+ 36. Rxf3 Qd2 37. Rg3 Ne2 38. Rb3 Qd4 39.
Rf3 Qg1# 0-1

[Event "*** Titled Tuesday 3|2 Blitz"]
[Site "Chess.com"]
[Date "2015.10.06"]
[Round "5"]
[White "StellarChessPro"]
[Black "kesarev"]
[Result "0-1"]
[WhiteElo "2225"]
[BlackElo "2190"]
[TimeControl "180+2"]
[EndTime "12:03:02 PDT"]
[Termination "kesarev won by resignation"]

1. d4 Nf6 2. Bg5 Ne4 3. Bf4 d5 4. f3 Nd6 5. Nc3 c6 6. e4 g6 7. exd5 cxd5 8. Nxd5 Bg7 9. c3 O-O 10. Bd3 Nc6 11. Ne2 e5 12. dxe5 Nxe5 13. Bc2 Ndc4 14.
Rb1 Be6 15. Ne3 Qb6 16. Nxc4 Bxc4 17. Nd4 Bxa2 18. Ra1 Bc4 19. Qc1 Rad8 20. Kf2 Nc6 21. Be3 Nxd4 22. cxd4 Bxd4 23. Re1 Rfe8 24. Ra3 Qxb2 25.
Qxb2 Bxb2 26. Rxa7 Bc3 27. Rd1 Rxd1 28. Bxd1 Ba6 29.
Bb3 Ba5 30. Bd4 Be1+ 31. Kg1 Rd8 32. Bc5 Bh4 33. g3 Bg5 34. h4 Bf6 35. Kg2 Be5 36.
f4 Bb8 37. Ra8 b6 38. Bd6 Bb7+ 39.
Kh2 Bxa8 40. Be7 Rd2+ 41. Kh3 h5 42. f5 Bf3 0-1

[Event "*** Titled Tuesday 3|2 Blitz"]
[Site "Chess.com"]
[Date "2015.10.06"]
[Round "5"]
[White "ChessTrener"]
[Black "kikydu96"]
[Result "1-0"]
[WhiteElo "2479"]
[BlackElo "2277"]
[TimeControl "180+2"]
[EndTime "12:03:10 PDT"]
[Termination "ChessTrener won by resignation"]

1. d4 d5 2. Nf3 Nf6 3. c3 c6 4. Bg5 Ne4 5. Bf4 g6 6. Nbd2 Bg7 7. e3 O-O 8. Nxe4 dxe4 9. Nd2 f5 10. Qb3+ Kh8 11. h4 e6 12. Bc4 Qe7 13. Bg5 Qf7 14. h5 b5 15. Be2 Nd7 16. O-O-O Nb6 17. hxg6 Qxg6 18. Bf4 Nd5 19. g3 a5 20. Bh5 Qf6 21. Be5 Qe7 22. Bg6 Nf6 23. Bxf6 Rxf6 24. Bxh7 Bh6 25. g4 Qxh7 26. g5 Rg6 27. gxh6 Rxh6 28. Rxh6 Qxh6 29. Rg1 Qh5 30. Qa3 b4 31. cxb4 Qh2 32.
Rd1 Qd6 33. Nc4 Qxb4 34. Qxb4 axb4 35. Kb1 Ba6 36. Ne5 Rc8 37. Rc1 Bd3+ 38. Ka1 Kg7 39.
b3 Rh8 40. Nxc6 Rh2 41. Nxb4 Rxf2 42. d5 exd5 43. Nxd5 Re2 44. a4 Kf7 45. b4 Bc2 46. Nf4 Rxe3 47. Rxc2 Ra3+ 48. Kb2 Rxa4 49. Kb3 Ra1 50.
b5 Rf1 51. b6 Rxf4 52. b7 Rf3+ 53. Kb2 1-0

[Event "*** Titled Tuesday 3|2 Blitz"]
[Site "Chess.com"]
[Date "2015.10.06"]
[Round "5"]
[White "gumersindo"]
[Black "talaicito"]
[Result "1-0"]
[WhiteElo "2153"]
[BlackElo "1972"]
[TimeControl "180+2"]
[EndTime "12:03:15 PDT"]
[Termination "gumersindo won by resignation"]

1. d4 e6 2. c4 f5 3. Nf3 Nf6 4. g3 Be7 5. Bg2 d6 6. O-O O-O 7. Nc3 Ne4 8. Qc2 Nxc3 9. Qxc3 Bf6 10. Qc2 a5 11. b3 Nc6 12. Bb2 Qe8 13. d5 Nb4 14.
Qd2 Bxb2 15. Qxb2 exd5 16. a3 Na6 17. cxd5 f4 18. Nd4 Qe5 19. Rad1 Nc5 20. Rb1 Bd7 21. Qd2 Rae8 22. b4 axb4 23. axb4 Ne4 24. Qd3 fxg3 25. hxg3 c6 26. dxc6 bxc6 27. Nf3 Qh5 28. Nh4 d5 29. Nf3 Bh3 30. Rbc1 Bxg2 31. Kxg2 Qh6 32. Rh1 Qg6 33. b5 cxb5 34. Qxd5+ Kh8 35. Qxb5 h6 36. Rc6 Qf7 37. Qd3 Qe7 38. Rc4 Qb7 39. Qd4 Kg8 40. Rb4 Qc6 41. Rb6 Qa8 42. Rhxh6 Ng5 43. Rbg6 Ne6 44.
Rxe6 Rxe6 45. Rxe6 Qb7 46. Qe4 Qf7 47. Re7 Qf6 48. Qe6+ Qxe6 49. Rxe6 1-0

[Event "*** Titled Tuesday 3|2 Blitz"]
[Site "Chess.com"]
[Date "2015.10.06"]
[Round "5"]
[White "Viaje"]
[Black "Haridaskesavan"]
[Result "1-0"]
[WhiteElo "2203"]
[BlackElo "2050"]
[TimeControl "180+2"]
[EndTime "12:03:26 PDT"]
[Termination "Viaje won by resignation"]

1. d4 Nf6 2. c4 d6 3. Nf3 Nbd7 4.
Nc3 e6 5. e4 Be7 6. Be2 O-O 7.
O-O Re8 8. h3 e5 9. Re1 Bf8 10. Bf1 c6 11. Qc2 Qc7 12. Bg5 a6 13. Rad1 h6 14. Be3 g5 15. a3 Bg7 16. b4 Nf8 17. c5 dxc5 18. dxe5 N6d7 19. bxc5 Nxe5 20. Nd4 Be6 21. Na4 Rad8 22. Nb6 Ned7 23. Na4 Ne5 24. Nb6 Ned7 25. Kh1 Nxb6 26. cxb6 Qe7 27. a4 Nd7 28. a5 Ne5 29. Kg1 Qb4 30. Nxe6 fxe6 31. Bd2 Qe7 32. Qb3 g4 33. hxg4 Nxg4 34. Bf4 Rxd1 35. Rxd1 Qc5 36. Qg3 h5 37. Be2 e5 38. Bg5 Qc2 39. Bxg4 hxg4 40.
Qxg4 Rf8 41. Be3 Qc4 42. Rd7 Rf7 43. Rd8+ Rf8 44. Rxf8+ Kxf8 45. Qc8+ Kf7 46. Qxb7+ Kg6 47.
Qd7 Qxe4 48. b7 Qb1+ 49. Kh2 e4 50. Qd6+ Kf5 51. g4+ Kxg4 52. b8=Q 1-0

[Event "*** Titled Tuesday 3|2 Blitz"]
[Site "Chess.com"]
[Date "2015.10.06"]
[Round "5"]
[White "EltajSafarli"]
[Black "Konavets"]
[Result "0-1"]
[WhiteElo "2640"]
[BlackElo "2517"]
[TimeControl "180+2"]
[EndTime "12:03:32 PDT"]
[Termination "Konavets won on time"]

1. e4 c5 2. Nf3 d6 3. d4 cxd4 4. Nxd4 Nf6 5. Nc3 a6 6. Be3 Ng4 7. Bc4 Nxe3 8. fxe3 e6 9. O-O Nc6 10. Nxc6 bxc6 11. e5 d5 12. Bd3 g6 13. Qf3 Qe7 14.
e4 Bg7 15. exd5 cxd5 16. Rae1 O-O 17. Nd1 Rb8 18. Nf2 Rxb2 19. Ng4 Qg5 20. g3 Rb4 21. Nf6+ Kh8 22. a3 Ra4 23. Re2 Rxa3 24. h4 Qh6 25. Ref2 Ra4 26. Rb1 Bxf6 27. Qxf6+ Kg8 28. Kg2 Qg7 29.
Qg5 h6 30. Qe7 Qxe5 31. Bxg6 Qg7 32. Bd3 Rg4 33. Rf3 e5 34. Be2 e4 35. Re3 Rg6 36. c3 Bf5 37. Rf1 Rf6 38. Qe5 Qg6 39. Rf4 h5 40.
Qxd5 Kh7 41. Qe5 Rd8 42. c4 Rd2 43. c5 Rc2 44. Qd4 Rc6 45. Qd8 R6xc5 46. Qe7 R5c3 47.
Rxc3 Rxc3 48. Qe5 Qxg3+ 0-1

[Event "*** Titled Tuesday 3|2 Blitz"]
[Site "Chess.com"]
[Date "2015.10.06"]
[Round "5"]
[White "Canonkasparov"]
[Black "Tal-Baronfew"]
[Result "0-1"]
[WhiteElo "2381"]
[BlackElo "2714"]
[TimeControl "180+2"]
[EndTime "12:03:37 PDT"]
[Termination "Tal-Baronfew won on time"]

1. d4 Nf6 2. Nf3 d5 3. Bf4 c5 4. c3 Nc6 5. e3 Qb6 6. Qc2 Nh5 7. Bg3 g6 8. Nbd2 Bg7 9. Be2 Bf5 10. dxc5 Qxc5 11.
Qb3 O-O 12. Qb5 Qxb5 13. Bxb5 Nxg3 14. hxg3 Rfd8 15. Nb3 Rac8 16. O-O e5 17. Rfd1 a6 18. Bxc6 bxc6 19. Nc5 Ra8 20. Rd2 f6 21. Rad1 Bf8 22.
Na4 Rdb8 23. Nh4 Bg4 24. f3 Be6 25. e4 dxe4 26. fxe4 Bxa2 27. Nf3 Bb3 28. Ra1 Rb5 29. Kh2 Ra5 30. Nb6 Rxa1 31. Nxa8 Rd1 32. Rxd1 Bxd1 33. Nc7 Be2 34. Ne6 Be7 35. Nd2 Kf7 36. Nc7 Bd6 37. Na8 Bc5 38. b4 Be3 39. Nb3 Ke7 40. Nc5 Bxc5 41. bxc5 Bd3 42. Kg1 Bxe4 43. Nc7 a5 44. Na6 a4 45. Nb4 a3 46. Kf2 Bb1 47. Nxc6+ Kd7 48. Na5 Bc2 49. c6+ Kc7 50. Nc4 a2 51. Ne3 a1=Q 52. Nxc2 Qb2 0-1

[Event "*** Titled Tuesday 3|2 Blitz"]
[Site "Chess.com"]
[Date "2015.10.06"]
[Round "5"]
[White "FMCouch"]
[Black "metalbattler"]
[Result "0-1"]
[WhiteElo "2030"]
[BlackElo "1966"]
[TimeControl "180+2"]
[EndTime "12:03:37 PDT"]
[Termination "metalbattler won by resignation"]

1. e4 e5 2. Nf3 Nc6 3. Bb5 Nf6 4. d3 Bc5 5. O-O d6 6. c3 O-O 7. Re1 Ne7 8. Nbd2 Bd7 9. Bc4 Be6 10. b4 Bb6 11. a4 a5 12. Bxe6 fxe6 13. Nc4 Ng6 14. Qb3 Qe7 15. Nxb6 cxb6 16. Be3 d5 17. Bxb6 dxe4 18.
dxe4 axb4 19. cxb4 Rac8 20. Bc5 Rxc5 21. bxc5 Ng4 22. h3 Nf6 23. Rac1 Nh5 24. Qc3 Nhf4 25. Red1 Ne2+ 26. Kh2 Nxc3 27. Rxc3 Qf6 28. g3 Rd8 29.
Rb1 Rd7 30. a5 Ne7 31. a6 bxa6 32. Rb8+ Kf7 33. h4 h6 34. Kg2 Nc6 35. Rb6 Nd4 36. Nxd4 exd4 37. Rf3 d3 38. Rxf6+ Kxf6 39. Rb1 Ke5 40.
Kf3 Kd4 41. c6 Rc7 42. Rc1 d2 43. Ra1 Kd3 44. Ra3+ Kc2 45. Ra2+ Kc1 46. Ra1+ Kb2 47. Rd1 Kc2 48. Ke2 Rxc6 49. Rxd2+ Kc3 50. h5 a5 51. Rd7 Ra6 52. Rc7+ Kd4 53. Rxg7 a4 54. f3 a3 55.
Rd7+ Ke5 56. Rd1 a2 57. Ra1 Kd4 58. Kd2 Ra3 59. g4 Ke5 60. Ke2 Kf4 61. Kf2 Rxf3+ 62. Kg2 Ra3 63. g5 Kxg5 0-1